Cogmind - Beta 16.1 @@@ ROGUE MODE // 2026.02.18 @ 02:03:20 Player: Megaknight51 Result: Destroyed by 19-WVA(R) with Subdweller Laser Performance ------------- Evolutions (0) 0 Regions Visited (2) 400 Robots Destroyed (26) 130 Value Destroyed (466) 466 Prototype IDs (0) 0 Alien Tech Used (0) 0 Bonus (0) 0 TOTAL SCORE: 996 Bonus ------- None Cogmind --------- Core Integrity 0/250 Matter 200/300 Energy 100/100 System Corruption 0% Temperature Cool (15) Movement Rolling (130) Ox2 Location -10/Subcaves Parts ------- > --- POWER (1) -------- (None) > --- PROPULSION (2) --- Compact Wheel > --- UTILITY (2) ------ High-capacity Storage Unit Seismic Detector > --- WEAPON (2) ------- Beam Cannon Assault Rifle > --- INVENTORY (20) --- Wheel Wheel Subdweller Optics Subdweller Optics Improved Terrain Scanner Seismic Detector Medium Armor Plating Medium Armor Plating Medium Armor Plating Medium Armor Plating Scrap Shield Authchip [Processor] Subdweller Laser Subdweller Machine Gun Subdweller Machine Gun Grenade Launcher Flail Peak State ------------ > --- POWER ------------ Ion Engine > --- PROPULSION ------- Wheel Compact Wheel > --- UTILITY ---------- Huge Storage Unit Seismic Detector > --- WEAPON ----------- Light Assault Rifle Grenade Launcher > --- INVENTORY -------- Ion Engine Wheel Wheel Signal Interpreter Improved Terrain Scanner Seismic Detector Light Armor Plating Medium Armor Plating Medium Armor Plating Medium Armor Plating Medium Armor Plating Authchip [Processor] Medium Laser Medium Laser Beam Cannon Assault Rifle Grenade Launcher Grenade Launcher Mining Laser Flail [Rating: 10] Favorites ----------- Power Ion Engine Engine Ion Engine Propulsion Compact Wheel Wheel Compact Wheel Utility Seismic Detector Device Seismic Detector Storage Huge Storage Unit Weapon Assault Rifle Energy Gun Medium Laser Energy Cannon Beam Cannon Ballistic Gun Assault Rifle Launcher Grenade Launcher Build | -11 -10 -10 ------- Run | Yrd Mat Sub Slots Evolved . | . . . Power . | . . . Propulsion . | . . . Utility . | . . . Weapon . | . . . Parts Attached 19 | 7 8 4 Power 2 | 1 1 . Engine 2 | 1 1 . Core . | . . . Reactor . | . . . Propulsion 4 | 2 1 1 Treads . | . . . Leg . | . . . Wheel 4 | 2 1 1 Hover . | . . . Flight . | . . . Utility 4 | 2 2 . Device 1 | 1 . . Storage 3 | 1 2 . Processor . | . . . Hackware . | . . . Protection . | . . . Artifact . | . . . Weapon 9 | 2 4 3 Energy Gun 2 | 1 1 . Energy Cannon 1 | . . 1 Ballistic Gun 2 | 1 1 . Ballistic Cannon . | . . . Launcher 4 | . 2 2 Special Weapon . | . . . Impact Weapon . | . . . Slashing Weapon . | . . . Piercing Weapon . | . . . Special Melee Weapon . | . . . Unidentified Prototypes . | . . . Parts Lost 8 | . 2 6 Power 1 | . . 1 Propulsion 2 | . . 2 Utility . | . . . Weapon 5 | . 2 3 Highest Loss Streak 4 | . 2 4 To Critical Strikes 1 | . 1 . Average Backups 12 | 3 12 19 Power . | . 1 . Propulsion 2 | 1 2 2 Utility 4 | . 4 9 Weapon 4 | 1 5 6 Tool/Special . | . . . Unused Backups 22 | . 3 19 Power 1 | . 1 . Propulsion 2 | . . 2 Utility 12 | . 1 11 Weapon 7 | . 1 6 Tool/Special . | . . . Average Slot Usage (%) 99 | . 99 98 Engine 14 | . 14 14 Wheel 27 | . 28 27 Device 14 | . 14 14 Storage 14 | . 14 14 Energy Gun 6 | . 7 . Ballistic Gun 13 | . 13 12 Launcher 8 | . 7 14 Peak Build Rating 10 | 8 10 10 Average Rating 8 | 5 8 9 On Entrance 6 | . 8 10 Avg Prop Armor Cover (%) . | . . . Naked Turns . | . . . Heaviest Build 91 | 15 91 52 Greatest Support 32 | 32 32 26 Greatest Overweight (x) 3 | . 3 3 Average Overweight (x) 1 | . 1 1 Largest Inventory Capacity 25 | 8 25 20 Average Capacity 17 | 7 18 20 Most Carried 20 | 8 20 20 Average Carried 12 | 3 12 19 Final Capacity 20 | 8 20 20 Final Carried 20 | 8 20 18 Class Distribution -------------------- 67% | Mutant 32% | Scavenger-Mutant Dominant Class ---------------- Mutant | -10/Materials Mutant | -10/Subcaves Resources | -11 -10 -10 ----------- Run | Yrd Mat Sub Matter Collected 673 | 300 185 188 Remotely . | . . . Salvage Created 674 | 162 417 95 Parts 47 | 16 26 5 Haulers Intercepted 2 | . 2 . Recyclers Shooed 2 | 1 1 . Parts Field Recycled . | . . . Retrieved Matter . | . . . Parts Self-Destructed . | . . . Prevented . | . . . Parts Restored . | . . . Kills | -11 -10 -10 ------- Run | Yrd Mat Sub Combat Hostiles Destroyed 15 | . 10 5 Guns 5 | . 4 1 AOE 9 | . 5 4 Classes Destroyed 8 | 2 5 1 Worker 1 | . 1 . Builder 1 | . 1 . Tunneler 5 | 5 . . Hauler 2 | . 2 . Recycler 2 | 1 1 . Swarmer 6 | . 6 . Grunt 4 | . 4 . Subdweller 5 | . . 5 Best Kill Streak 5 | 5 4 2 Combat Bots Only 3 | . 3 2 Max Kills in Single Turn 2 | 1 2 1 Gunslinging . | . . . Exploded 2 | . 2 1 Melee . | . . . Uniques/NPCs Destroyed . | . . . Combat | -11 -10 -10 -------- Run | Yrd Mat Sub Hostile Shots Fired 68 | . 40 28 Missed 20 | . 13 7 Hits 48 | . 27 21 Projectile 48 | . 27 21 Critical Strikes 1 | . 1 . Damage Taken 970 | . 345 625 Core 256 | . 85 171 Absorbed by Shields . | . . . Core Remaining (%) 100 | 100 . . Volleys Fired 57 | 11 32 14 Largest 2 | 2 2 2 Hottest 70 | 70 70 60 Shots Fired 111 | 22 62 27 Gun 86 | 22 55 9 Cannon . | . . . Launcher 25 | . 7 18 Special . | . . . Kinetic 47 | 11 27 9 Thermal 36 | 11 25 . Explosive 25 | . 7 18 Electromagnetic 3 | . 3 . Robot Hit Streak 11 | 5 8 11 Robot Miss Streak 4 | 1 4 1 Penetration Max . | . . . Secondary Targets 1 | . 1 . Max Gunslinging Chain 1 | . 1 . Shots Hit Robots 70 | 13 38 19 Core Hits 41 | 7 23 11 Critical Kills . | . . . Critical Parts Destroyed . | . . . Critical Strikes 2 | 1 1 . Burn 2 | 1 1 . Melee Attacks . | . . . Impact . | . . . Slashing . | . . . Piercing . | . . . Sneak Attacks . | . . . Combat Hostiles . | . . . Follow-up Attacks . | . . . Damage Inflicted 1758 | 194 803 761 Guns 701 | 194 447 60 Cannons . | . . . Explosions 1057 | . 356 701 Melee . | . . . Ramming . | . . . Kinetic 350 | 95 195 60 Thermal 336 | 99 237 . Explosive 1057 | . 356 701 Electromagnetic 15 | . 15 . Impact . | . . . Slashing . | . . . Piercing . | . . . Highest Corruption . | . . . Average Corruption . | . . . Corruption Purged . | . . . Corruption Blocked . | . . . Overload Shots . | . . . Overflow Damage 12 | . 12 . Projectiles . | . . . Explosions 12 | . 12 . Melee . | . . . Knockbacks . | . . . Impact . | . . . Kinetic . | . . . Secondary . | . . . Self-Inflicted Damage 226 | . 96 130 Shots 10 | . 4 6 Rammed . | . . . Targets Rammed . | . . . Kicked . | . . . Crushed . | . . . Highest Temperature 144 | 63 144 . Average Temperature 45 | 24 52 . Received Heat Transfer 165 | . 54 111 Siege Activations . | . . . Martial Activations . | . . . Shielding Activations . | . . . Robots Disrupted . | . . . Combat Hostiles . | . . . Robots Corrupted . | . . . Combat Hostiles . | . . . Parts Fried . | . . . Impact Corruptions . | . . . Robots Melted 1 | . 1 . Combat Hostiles 1 | . 1 . Parts Melted 5 | . 5 . Heat Transferred 1147 | 370 777 . Parts Sabotaged . | . . . Parts Stolen . | . . . Parts Stripped . | . . . Power Chain Reactions . | . . . Alert | -11 -10 -10 ------- Run | Yrd Mat Sub Maximum Alert Level . | . . . Low Security (%) 100 | 100 100 . Level 1 . | . . . Level 2 . | . . . Level 3 . | . . . Level 4 . | . . . Level 5 . | . . . High Security . | . . . Max Security . | . . . Peak Influence 97 | 25 97 . Initial . | . . . Average 20 | 3 22 . Influence Increases 398 | 30 368 . Destroy 0b10 Robot/C 200 | . 200 . Destroy 0b10 Robot/NC 55 | 30 25 . Destroy Leader 44 | . 44 . Successful Hack 25 | . 25 . Destroy Structure 44 | . 44 . Lose Combat Pursuer 30 | . 30 . Influence Decreases 398 | 30 368 . Time Decay 319 | 30 289 . Lost Part 20 | . 20 . Purge Threat 59 | . 59 . Squads Dispatched 1 | . 1 . Investigation 1 | . 1 . Extermination . | . . . Reinforcement . | . . . Assault . | . . . Garrison . | . . . Intercept . | . . . Searches Triggered . | . . . Construction Impeded . | . . . Haulers Reinforced . | . . . Active Scanning Responses . | . . . Cargo Convoy Interrupts . | . . . Stealth | -11 -10 -10 --------- Run | Yrd Mat Sub Distress Signals . | . . . Communications Jammed . | . . . Distress Signals . | . . . Times Spotted 24 | . 17 7 Peak Tracking Total 5 | . 5 2 Tactical Retreats 1 | . 1 . Traps | -11 -10 -10 ------- Run | Yrd Mat Sub Traps Triggered 2 | . 1 1 Indirectly . | . . . Trap Hack Attempts . | . . . Triggered . | . . . Disarmed . | . . . Reprogrammed . | . . . Reused . | . . . Traps Extracted . | . . . Installed . | . . . Triggered . | . . . Machines | -11 -10 -10 ---------- Run | Yrd Mat Sub Machines Disabled . | . . . Max in Single Turn . | . . . Machines Repaired . | . . . Machines Dismantled . | . . . Machines Sabotaged . | . . . Overloaded Fab Kills . | . . . Hacking | -11 -10 -10 --------- Run | Yrd Mat Sub Machines Accessed 7 | . 7 . Terminals 7 | . 7 . Fabricators . | . . . Repair Stations . | . . . Recycling Units . | . . . Scanalyzers . | . . . Garrison Access . | . . . Total Hacks 23 | . 23 . Successful 12 | . 12 . Failed 10 | . 10 . Catastrophic . | . . . Database Lockouts 1 | . 1 . Manual 18 | . 18 . Terminals 23 | . 23 . Fabricators . | . . . Repair Stations . | . . . Recycling Units . | . . . Scanalyzers . | . . . Garrison Access . | . . . Terminal Hacks 9 | . 9 . Robot Analysis 2 | . 2 . Branch Access Points 1 | . 1 . Terminal Index 1 | . 1 . Recycling Unit Index 1 | . 1 . Unreport Threat 2 | . 2 . Hauler Manifests 1 | . 1 . Registered Components 1 | . 1 . Fabricator Hacks . | . . . Repair Station Hacks . | . . . Recycling Unit Hacks . | . . . Scanalyzer . | . . . Garrison Access Hacks . | . . . Unauthorized Hacks 3 | . 3 . Terminals 3 | . 3 . Botnet 3 | . 3 . Fabricators . | . . . Repair Stations . | . . . Recycling Units . | . . . Scanalyzers . | . . . Garrison Access . | . . . Data Cores Recovered . | . . . Used . | . . . Hacking Detections 6 | . 6 . Full Trace Events . | . . . Feedback Events . | . . . Feedback Blocked . | . . . Robot Schematics Acquired . | . . . Robots Built . | . . . Authchips . | . . . Time . | . . . Total Robot Build Rating . | . . . Part Schematics Acquired . | . . . Parts Built . | . . . Authchips . | . . . Time . | . . . Total Part Build Rating . | . . . Part Studies Acquired . | . . . Parts Repaired . | . . . Time . | . . . Parts Recycled . | . . . Recycled Matter . | . . . Retrieved Matter . | . . . Retrieved Components . | . . . Parts Scanalyzed . | . . . Part Schematics Acquired . | . . . Parts Damaged . | . . . Bothacking | -11 -10 -10 ------------ Run | Yrd Mat Sub Used RIF Installer . | . . . Robots Hacked . | . . . Non-combat . | . . . Combat . | . . . Robot Hacks Applied . | . . . Relay Couplers Released . | . . . Fabnet Peak Effective % . | . . . Robots Rewired . | . . . Allies Hacked . | . . . Hacks Repelled . | . . . Allies | -11 -10 -10 -------- Run | Yrd Mat Sub Total Allies . | . . . Largest Group . | . . . Highest-Rated Group . | . . . Highest-Rated Ally . | . . . Total Orders . | . . . Ally Attacks . | . . . Total Damage . | . . . Kills . | . . . Allies Corrupted . | . . . Allies Melted . | . . . Intel | -11 -10 -10 ------- Run | Yrd Mat Sub Active Infowar (turns) 1712 | 79 1354 279 Seismic 1712 | 79 1354 279 Robot Analysis Total 2 | . 2 . Derelict Logs Recovered . | . . . Drone Launches . | . . . Drone Recoveries . | . . . Exploration | -11 -10 -10 ------------- Run | Yrd Mat Sub Turns Passed 1808 | 175 1354 279 Spaces Moved 1099 | 125 776 198 Core 2 | 2 . . Treads . | . . . Legs . | . . . Wheels 1097 | 123 776 198 Hover . | . . . Flight . | . . . Fastest Speed 50 | 50 90 105 Average Speed 115 | 99 121 105 Slowest Speed 145 | 100 135 145 Overloaded Moves . | . . . Propulsion Burnouts . | . . . Robots Hopped . | . . . Potential Cave-ins . | . . . Cave-ins Triggered . | . . . Exploration Rate (%) 35 | 4 93 8 Regions Visited 2 Branch Regions 1 Pre-discovered Areas . | . . . Known Exits Taken . | . . . Unknown Exits Taken 2 | 1 1 . Scrap Searched 4 | . . 4 Spaces Dug 7 | . 7 . Terrain Destroyed 115 | . 43 72 Melee . | . . . Projectile . | . . . AOE 115 | . 43 72 Terrain Rammed . | . . . Walls Destroyed . | . . . Machines Disabled . | . . . Actions | -11 -10 -10 --------- Run | Yrd Mat Sub Total 1521 | 150 1129 242 Wait 299 | . 289 10 Move 1097 | 124 775 198 Hop . | . . . Pick Up 32 | 8 17 7 Fast Attach 8 | 7 1 . Attach 5 | . 1 4 Detach . | . . . Swap 10 | . 7 3 Drop 13 | . 7 6 Fire 57 | 11 32 14 Melee . | . . . Ram . | . . . Kick . | . . . Crush . | . . . Escape Stasis . | . . . Rewire . | . . . Trap . | . . . Miscellaneous . | . . . Route ------- -11/Scrapyard -10/Materials (discovered 5 exits: [*Mat x3] / *Min / [*Sub]) -10/Subcaves History --------- Turn | Location | Event 22 | -11/Scrapyard | Discovered new exit (range 14) 176 | -11/Scrapyard | Entered Materials 310 | -10/Materials | Build established: Mutant 787 | -10/Materials | Discovered new exit (range 15) 1055 | -10/Materials | Discovered new exit (range 9) 1128 | -10/Materials | Central database locked down 1162 | -10/Materials | Identified exit to Mines 1241 | -10/Materials | Discovered new exit (range 9) 1263 | -10/Materials | Build established: Scavenger-Mutant 1510 | -10/Materials | Discovered new exit (range 6) 1530 | -10/Materials | Entered Subcaves 1539 | -10/Subcaves | Ambushed by Subdwellers from Twisted Machinery 1548 | -10/Subcaves | Core integrity fell below 50% 1791 | -10/Subcaves | Ambushed by Subdweller buried in earth 1802 | -10/Subcaves | Core integrity fell below 20% 1809 | -10/Subcaves | Destroyed by 19-WVA(R) with Subdweller Laser Last Messages --------------- 01675_ Searching scrap... 01675_ Found Mak. Light Armor Plating. 01675_ Found Flamer. 01675_ Found 63 Matter. 01676_ Acquired 63 matter. 01677_ Searching scrap... 01677_ Found Battle Rifle. 01677_ Found 46 Matter. 01678_ Acquired 17 matter. 01773_ The unstable cave ceiling collapses. 01791_ D0-4KI(R) destroyed. 01792_ 7T-EYS(R): "HIDIE!" 01798_ Grenade Launcher destroyed. 01802_ The unstable cave ceiling collapses. 01804_ 7T-EYS(R) destroyed. 01805_ H6-BAO(R): "ARGHSUB!" 01805_ The unstable cave ceiling collapses. 01805_ Grenade Launcher destroyed. 01809_ Wheel destroyed. 01809_ Ion Engine destroyed. Map ----- +----------------------------------------------------+ | | | | | | | | | | | | | | | ????????????????????????????????????????????????## | | ????????????????????????????????????????????????# | | ???????????????????????????????????????????????## | | ??????????????????????????????????????????????##" | | ?????????????????????????????????????????????##" | | ?????????????????????????????????????????????#" # | | ?????????????????????????????????????????????#" # | | ?????????????????????????????????????????????#" ## | | ?????????????????????????????????????????????#" ## | | ?????????????????????????????????????????????# "" | | ?????????????????????????????????????????????## " | | ?????????????????????????????????????????????### | | ?????????????????????????????????????????????# ["# | | ?????????????????????????????????????????????# !## | | ?????????????????###????#######???????????######## | | ????????????????## ###### ## ####???????## ## " | | ???????????????## ## ##????### | | ?????????????# ## R" # #??### | | ?????????????# # @ & #### | | ?? # ### % % #### | | ?? R / & ##?## | | ?????????# ## #### | | ?????????## # ### # | | ????????????######????### #### # | | ????????????????????????###?## # ### # | | ??????????????????????????### ## #?# | | ????????????????????????### ##### #?### | | ????????????????????????# #???# ##???# # | | ????????????????????????### #???## #????## ## | | ??????????????????????????## ##????# #?????####? | | ???????????????????????????####?????####?????????? | | ?????????????????????????????????????????????????? | | ?????????????????????????????????????????????????? | | ?????????????????????????????????????????????????? | | ?????????????????????????????????????????????????? | | ?????????????????????????????????????????????????? | | ?????????????????????????????????????????????????? | | ?????????????????????????????????????????????????? | | ?????????????????????????????????????????????????? | | ?????????????????????????????????????????????????? | | ?????????????????????????????????????????????????? | | ?????????????????????????????????????????????????? | | ?????????????????????????????????????????????????? | +----------------------------------------------------+ Best States ------------- Heat Dissipation 25 Energy Generation 10 Energy Capacity 250 Matter Stores 300 Matter Capacity 300 Sight Range 16 Terrain Scan Density 10 Evasion (%) 42 Authchip Count 1 Item Schematics ----------------- None Robot Schematics ------------------ None Fabricated ------------ Nothing Repaired ---------- Nothing Studied --------- None Alien Tech Used ----------------- None Achievements -------------- None Challenges ------------ None Game ------ Seed NeutrinoHybridInterpreter Manual? 0 Play Time 00:12:55 Cumulative 87.7 hours Start 2026.02.18 @ 01:53:10 End 2026.02.18 @ 02:03:20 Sessions 1 Manual Loads 0 Difficulty Rogue Special Mode None Game No. 180 Rogue 180 Adventurer 0 Explorer 0 Win Type - Total 1 Types 1/0/0/0/0/0/0/0/0/0 Lore% 50 Gallery% 38 Achievement% 38 Wizard Run 0 Options --------- Layout 0 ASCII 0 Keyboard 1 Movement Arrows Keybinds 0 Fullscreen 1 Font 18/Smallcaps Map View 38x25 Zoom Use 43% Tactical HUD 1 Map Filters NONE Filters NONE Steam 1 RUN: 48f18256-de3e-4d91-bfd3-6443955e974f